 Dungeon Sprint DCSS version 0.28.0-43-g3370ac3207 (webtiles) character file.

Game seed: 13748257617965785210

2319 Arandomuser the Fencer (level 9, -2/96 HPs)
             Began as a Minotaur Berserker on Mar 24, 2022.
             Was a Priest of Trog.
             Slain by Sonja
             ... wielding a +2 short sword of venom
              (4 damage)
             ... in the Dungeon (Sprint I: "Red Sonja").
             The game lasted 00:02:02 (918 turns).

Arandomuser the Fencer (Minotaur Berserker)          Turns: 918, Time: 00:02:02

Health: -2/96      AC:  4    Str: 23    XL:     9   Next: 18%
Magic:  8/8        EV: 11    Int:  6    God:    Trog [***...]
Gold:   445        SH:  0    Dex: 11    Spells: 8/8 levels left

rFire   . . .      SeeInvis .   a - +0 falchion
rCold   . . .      Faith    .   (no shield)
rNeg    . . .      Spirit   .   n - +0 chain mail
rPois   .          Reflect  .   (helmet restricted)
rElec   .          Harm     .   (no cloak)
rCorr   .          Rampage  .   (no gloves)
Will    .....      NoTele   +   m - +0 pair of boots
Stlth   ..........              (no amulet)
HPRegen 0.26/turn               (no ring)
MPRegen 0.11/turn               (no ring)

@: lethally poisoned (-2 -> -39), corroded, on berserk cooldown, slowed, very
slow
A: horns 2, retaliatory headbutt
a: Renounce Religion, Berserk, Trog's Hand


You were in the Dungeon.
You worshipped Trog.
Trog was most pleased with you.
You visited 1 branch You collected 543 gold pieces.
You spent 98 gold pieces at shops.

Inventory:

Hand Weapons
 a - a +0 falchion (weapon)
Armour
 b - a +0 animal skin
 i - a +0 ring mail
 m - a +0 pair of boots (worn)
 n - a +0 chain mail (worn)
Scrolls
 h - a scroll of blinking
 j - a scroll of immolation {unknown}
 k - a scroll of vulnerability {unknown}
 l - a scroll of fear {unknown}
Potions
 c - a potion of curing
 e - a potion of haste
 f - 2 potions of magic
 g - 3 potions of berserk rage


   Skills:
 + Level 14.8 Fighting
 + Level 16.7 Long Blades
 + Level 8.5 Armour
 + Level 8.4 Dodging


You had 8 spell levels left.
You didn't know any spells.
Your spell library was empty.

Dungeon Overview and Level Annotations

Branches:
Dungeon (1/1)

Altars:
Cheibriados
Dithmenos
Elyvilon
Fedhas
Gozag
Hepliaklqana
Kikubaaqudgha
Makhleb
Nemelex Xobeh
Okawaru
Qazlal
Ru
Sif Muna
Trog
Uskayaw
Vehumet
Wu Jian
Xom
Yredelemnul
Zin
The Shining One
Jiyva
Lugonu

Shops:
D ![

Annotations:
D Sonja


Innate Abilities, Weirdness & Mutations

You have a pair of horns on your head.
You reflexively headbutt those who attack you in melee.


Message History

You feel very sick.
Sonja gestures wildly while chanting.
Sonja blinks!
Sonja throws a curare-tipped dart.
The curare-tipped dart hits you.
You are more poisoned.
You have difficulty breathing.
* * * LOW HITPOINT WARNING * * *
You feel as though you will be slow longer.
You feel better.
Sonja hits you with a +2 short sword of venom!
* * * LOW HITPOINT WARNING * * *
You are poisoned.
Sonja misses you. Sonja closely misses you.
You feel much better.
You feel very sick.
Sonja hits you with a +2 short sword of venom!
You are more poisoned.
Sonja barely misses you.
Sonja hits you with a +2 short sword of venom.
You are lethally poisoned!
Sonja zaps a wand.
The bolt of acid misses you.
The now-empty wand crumbles to dust.
You barely miss Sonja.
Sonja is moderately wounded.
You feel extremely sick.
Sonja casts a spell.
Sonja blinks!
* * * LOW HITPOINT WARNING * * *
You feel extremely sick.
Sonja throws a curare-tipped dart.
The curare-tipped dart hits you.
You are more poisoned.
You have difficulty breathing.
* * * LOW HITPOINT WARNING * * *
You feel as though you will be slow longer.
* * * LOW HITPOINT WARNING * * *
You feel extremely sick. Sonja completely misses you.
Sonja hits you but does no damage.
You are more poisoned.
Sonja hits you with a +2 short sword of venom.
You die...

#..#####'#####'#__####
#..####..#...#.####§§#
#..#__####..##§#§§§.§#
#..#_____##'#_.§)≈≈§.+
#⌠⌠#_.∩...'..._#§§≈§.#
####_..__##_.#§##'####
#_____###+#.#...[###
#########.####'###[##
+$.$K@....'=∩#
#$.$########## ##.##
#+#


You could see Sonja.

Vanquished Creatures
  2 centaur warriors (D)
  A deep troll (D)
  A slime creature (D)
  Sigmund (D)
  A yak (D)
  An ogre (D)
  A jelly (D)
  Ijyb (D)
9 creatures vanquished.

Notes
Turn   | Place    | Note
-------+----------+-------------------------------------------
     0 | D        | Arandomuser the Minotaur Berserker began the quest for the
                  | Orb.
     0 | D        | Reached XP level 1. HP: 19/19 MP: 0/0
     2 | D        | Noticed Ijyb
     3 | D        | Paralysed by Ijyb for 7 turns
    16 | D        | Killed Ijyb
    17 | D        | Reached skill level 5 in Fighting
    17 | D        | Reached skill level 5 in Long Blades
    17 | D        | Reached XP level 2. HP: 29/29 MP: 1/1
    81 | D        | Noticed an ogre
    84 | D        | Killed an ogre
    85 | D        | Reached skill level 8 in Long Blades
    85 | D        | Reached XP level 3. HP: 39/39 MP: 2/2
    85 | D        | Reached XP level 4. HP: 47/47 MP: 3/3
   156 | D        | Noticed Sigmund
   176 | D        | Killed Sigmund
   176 | D        | Reached ** piety under Trog
   177 | D        | Reached skill level 10 in Long Blades
   177 | D        | Reached skill level 5 in Armour
   177 | D        | Reached skill level 5 in Dodging
   177 | D        | Reached XP level 5. HP: 35/57 MP: 4/4
   282 | D        | Found an ornate altar of the Wu Jian Council.
   282 | D        | Found a shimmering blue altar of Sif Muna.
   284 | D        | Found a radiant altar of Vehumet.
   288 | D        | Reached XP level 6. HP: 59/64 MP: 5/5
   328 | D        | Found Dysisi's Distillery.
   328 | D        | Found an ancient bone altar of Kikubaaqudgha.
   328 | D        | Found a hazy altar of Hepliaklqana.
   328 | D        | Found a stormy altar of Qazlal.
   328 | D        | Found a hide-covered altar of Uskayaw.
   328 | D        | Found a blossoming altar of Fedhas.
   328 | D        | Found a bloodstained altar of Trog.
   328 | D        | Found an iron altar of Okawaru.
   328 | D        | Found a basalt altar of Yredelemnul.
   328 | D        | Found a glowing golden altar of the Shining One.
   328 | D        | Found a snail-covered altar of Cheibriados.
   328 | D        | Found a sacrificial altar of Ru.
   328 | D        | Found a glowing silver altar of Zin.
   328 | D        | Found a shadowy altar of Dithmenos.
   328 | D        | Found a white marble altar of Elyvilon.
   328 | D        | Noticed a yak
   335 | D        | Killed a yak
   336 | D        | Reached skill level 10 in Fighting
   336 | D        | Reached skill level 12 in Long Blades
   336 | D        | Found an opulent altar of Gozag.
   337 | D        | Found a sparkling altar of Nemelex Xobeh.
   388 | D        | Found a burning altar of Makhleb.
   388 | D        | Found a viscous altar of Jiyva.
   388 | D        | Found a shimmering altar of Xom.
   388 | D        | Found a corrupted altar of Lugonu.
   388 | D        | Noticed a slime creature
   397 | D        | Killed a slime creature
   398 | D        | Reached skill level 13 in Long Blades
   398 | D        | Reached XP level 7. HP: 44/74 MP: 6/6
   567 | D        | Noticed a centaur warrior
   567 | D        | Noticed a centaur warrior
   593 | D        | Killed a centaur warrior
   593 | D        | Reached *** piety under Trog
   594 | D        | Reached skill level 14 in Long Blades
   594 | D        | Reached XP level 8. HP: 72/85 MP: 7/7
   595 | D        | Killed a centaur warrior
   596 | D        | Reached skill level 15 in Long Blades
   724 | D        | Noticed a deep troll
   733 | D        | Killed a deep troll
   734 | D        | Reached skill level 16 in Long Blades
   734 | D        | Reached XP level 9. HP: 74/96 MP: 8/8
   746 | D        | Found Rireos's Armour Emporium.
   752 | D        | Bought a +0 pair of boots for 49 gold pieces
   752 | D        | Bought a +0 chain mail for 49 gold pieces
   903 | D        | Noticed Sonja
   918 | D        | HP: 2/96 [poisoned by Sonja (curare-tipped dart)]
   918 | D        | Slain by Sonja

Illustrated notes

Levels and vault maps discovered:
D:        dungeon_sprint_1 [red_sonja_temple_1, red_sonja_temple_small_1]

Skill      XL: |  1  2  3  4  5  6  7  8 |
---------------+-------------------------+-----
Fighting       | 5 7 9 11 12 14 | 14.8
Long Blades    | 5 8 10 13 14 16 | 16.7
Armour         | 3 4 5 6 7 8 |  8.5
Dodging        | 3 5 6 7 8 |  8.4

Action                   |  1- 3 |  4- 6 |  7- 9 || total
-------------------------+-------+-------+-------++-------
Melee: Falchion          |     9 |    30 |    22 ||    61
       Headbutt          |     1 |     7 |     4 ||    12
       Punch             |       |       |     2 ||     2
Invok: Berserk           |     2 |       |     3 ||     5
  Use: Potion            |       |       |     2 ||     2
Armor: Ring mail         |       |     1 |     6 ||     7
       Chain mail        |       |       |     1 ||     1
Dodge: Dodged            |     4 |    16 |    25 ||    45
